Map: Simulacrum LE

Players

JohnnyV

  • Race: Terran Terran
  • League: Bronze
  • Spawn Location: 5:00

뽀찌 - Winner!

  • Race: Protoss Protoss
  • Spawn Location: 11:00

VOD

Have the link to the VOD?

Description

Time

  • Played on: April 30, 2020, 2:28 p.m.
  • Length: 5:58
Show
View Real Time Build Order
Export as new Build Order

JohnnyV Terran 

Build Orders:  

Get SALT Encoding   

  12  0:01  SCV  
  13  0:17  SCV, Supply Depot  
  14  0:29  SCV  
  15  0:39  Barracks  
  15  0:42  SCV  
  16  0:46  Refinery  
  16  0:54  SCV  
  17  1:01  Refinery  
  17  1:06  SCV  
  17  1:10  Supply Depot  
  18  1:20  SCV  
  19  1:32  Reaper  
  20  1:42  Orbital Command  
  20  1:51  Factory  
  20  2:04  Reaper  
  21  2:48  Factory Reactor  
  21  2:56  Barracks Tech Lab  
  21  3:13  SCV  
  21  3:16  Marine  
  21  3:18  Combat Shield  
  23  3:25  SCV  
  23  3:26  Starport  
  24  4:00  Hellion x2  
  30  4:03  Marauder  
  30  4:18  Liberator  
  30  4:23  Supply Depot  
  33  4:28  Supply Depot, Hellion  
  33  4:29  Hellion  
  37  4:42  Marauder  
  37  4:43  Concussive Shells  
  39  4:52  Hellion x2  
  43  4:59  Supply Depot  
  43  5:19  Marauder  
  43  5:21  Hellion x2  
Show
View Real Time Build Order
Export as new Build Order

뽀찌 Protoss - Winner!

Build Orders: Colossus Rush 

Get SALT Encoding   

  12  0:06  Probe  
  13  0:13  Pylon  
  13  0:19  Probe  
  14  0:31  Probe  
  15  0:35  Gateway  
  15  0:43  Assimilator  
  15  0:47  Assimilator  
  15  0:51  Probe  
  16  1:03  Probe  
  17  1:15  Probe  
  18  1:22  Cybernetics Core  
  18  1:26  Pylon  
  18  1:28  Probe  
  19  1:40  Probe  
  20  1:52  Probe  
  21  1:59  Robotics Facility  
  21  2:02  Stalker  
  21  2:05  Probe  
  24  2:17  Probe  
  26  2:30  Probe  
  26  2:32  Stalker  
  26  2:34  Pylon  
  28  2:42  Probe  
  28  2:54  Probe  
  29  3:01  Robotics Bay  
  29  3:16  Gateway  
  29  3:21  Probe  
  30  3:27  Stalker  
  32  3:43  Pylon  
  32  3:47  Colossus  
  38  4:01  Stalker  
  40  4:04  Stalker  
  40  4:05  Pylon  
  40  4:08  Probe  
  43  4:14  Forge  
  42  4:40  Colossus  
  42  4:41  Stalker  
  50  4:52  Photon Cannon  
  50  4:55  Photon Cannon  
  50  5:08  Zealot  
  52  5:17  Pylon  
  54  5:21  Sentry  
  54  5:32  Nexus  
Tags
 
League
Bronze
Matchup
PvT
Spawn Locations
Cross Positions
Add a new tag
Caveats
  • Supply blocks, unpowered buildings, or Contaminate may cause inaccurate times.
  • Supply counts are checked every 10 seconds.